 Dungeon Crawl Stone Soup version 0.30-b1-2-g02819fbbbe (webtiles) character file.

Game seed: 16912509529332286417

100 Metae the Trooper (level 4, 0/41 HPs)
             Began as a Minotaur Fighter on July 8, 2023.
             Killed from afar by an orc wizard (7 damage)
             ... with a magic dart
             ... on level 3 of the Dungeon.
             The game lasted 00:02:39 (1120 turns).

Metae the Trooper (Minotaur Fighter)                Turns: 1120, Time: 00:02:40

Health: 0/41       AC:  7    Str: 23    XL:     4   Next: 47%
Magic:  3/3        EV: 10    Int:  5    God:
Gold:   94         SH:  4    Dex:  9    Spells: 3/3 levels left

rFire   . . .        a - +0 war axe
rCold   . . .        c - +0 buckler
rNeg    . . .        b - +0 scale mail
rPois   .            (helmet restricted)
rElec   .            (no cloak)
rCorr   .            (no gloves)
SInv    .            (no boots)
Will    .....        (no amulet) Stlth
                     (no ring)
HPRegen 0.26/turn    (no ring)
MPRegen 0.08/turn

%: no passive effects
@: no status effects
A: horns 2, retaliatory headbutt
a: no special abilities


You were on level 3 of the Dungeon.
You visited 1 branch of the dungeon, and saw 3 of its levels.

You collected 94 gold pieces.

Inventory:

Hand Weapons
 a - a +0 war axe (weapon)
Missiles
 m - 5 poisoned darts (quivered)
Armour
 b - a +0 scale mail (worn)
 c - a +0 buckler (worn)
Jewellery
 g - a +6 ring of strength
Scrolls
 f - a scroll of magic mapping {unknown}
 i - 3 scrolls of identify {unknown}
 k - a scroll of immolation {unknown}
 l - a scroll of poison {unknown}
 n - 2 scrolls of teleportation {unknown}
 p - a scroll of blinking {unknown}
Potions
 d - a potion of might
 e - 2 potions of brilliance {unknown}
 h - a potion of heal wounds {unknown}
 j - a potion of experience {unknown}
 o - a potion of lignification {unknown}
 q - a potion of ambrosia {unknown}


   Skills:
 + Level 4.3 Fighting
 + Level 3.3 Axes
 + Level 4.2 Armour
 + Level 1.8 Dodging
 + Level 4.3 Shields


You had 3 spell levels left.
You didn't know any spells.
Your spell library contained the following spells:

 Spells                   Type           Power      Damage    Failure   Level
 Sandblast                Erth           0%         2d4       85%         1
 Passwall                 Tmut/Erth      0%         N/A       94%         2
 Stone Arrow              Conj/Erth      0%         3d7       99%         3
 Fireball                 Conj/Fire      0%         3d3       100%        5
 Iskenderun's Battlesphe  Conj           0%         2d6       100%        5
 Conjure Ball Lightning   Conj/Air       0%         3x3d6     100%        6
 Orb of Destruction       Conj           0%         9d5       100%        7


Dungeon Overview and Level Annotations

Branches:
Dungeon (3/15)

Altars:


Innate Abilities, Weirdness & Mutations

You have a pair of horns on your head.
You reflexively headbutt those who attack you in melee.


Message History

The puff of flame misses you.
The orc throws a poisoned dart.
The poisoned dart closely misses you. Something hits you but does no damage.
You barely miss something. Your headbutt misses something. Something hits you.
The orc throws a poisoned dart.
The poisoned dart barely misses you.
You miss something. Something hits you but does no damage.
The orc priest mumbles some strange prayers to Beogh against you.
Beogh smites you!
You hit something but do no damage. Something hits you.
You hear some strange, mumbled words.
You are confused.
You bump into the rock wall.
The orc throws a poisoned dart.
The poisoned dart closely misses you. Something hits you but does no damage.
You're too confused to move!
Something hits you.
You miss something. Your headbutt misses something. Something hits you.
The orc priest calls down the wrath of Beogh upon you.
Beogh smites you!
You bump into the rock wall.
Something hits you but does no damage.
The orc priest calls down the wrath of Beogh upon you.
You bump into the rock wall.
You hear some strange, mumbled words.
You are more confused.
You closely miss something. Your headbutt misses something.
Something hits you but does no damage.
You hear some strange, mumbled words.
A magic dart appears from out of thin air!
The magic dart hits you.
* * * LOW HITPOINT WARNING * * *
You closely miss something.
An orc wizard appears from thin air!
Reactivating autopickup.
The orc wizard barely misses you.
The orc wizard attacks as you move away!
The orc wizard hits you with a +0 dagger.
* * * LOW HITPOINT WARNING * * *
The orc wizard casts a spell at you. The magic dart hits you.
* * * LOW HITPOINT WARNING * * *
You feel less confused.
The orc wizard points at you and mumbles some strange words.
The magic dart hits you!
You die...

... .... ... ..# # #.#
###.## ##### #.# ##......
.# #...###.####..##.#.
#.. #.............)....
#.. #.@.###..##..##..##
.. ##.####.####....#
.##.#.##......## ##..##
......oo.......## #..#
####.o#####.....###..###.
#. ##..#....)..... ..
#(.#.......... ##
##...###..###. #..## #..#


You could see an orc wizard.

Vanquished Creatures
  Jessica (D:2)
  3 adders (D:2)
  2 worms (D:2)
  An orc (D:3)
  6 ball pythons
  A bat (D:2)
  3 endoplasms
  3 goblins
  5 hobgoblins
  4 jackals (D:2)
  A quokka (D:1)
  A frilled lizard (D:1)
  4 kobolds
  5 rats
40 creatures vanquished.

Notes
Turn   | Place    | Note
-------+----------+-------------------------------------------
     0 | D:1      | Metae the Minotaur Fighter began the quest for the Orb.
     0 | D:1      | Reached XP level 1. HP: 19/19 MP: 0/0
    22 | D:1      | You fall into a shaft and drop 1 floor!
    39 | D:2      | Reached XP level 2. HP: 27/27 MP: 1/1
    63 | D:2      | Noticed Jessica
    67 | D:2      | Killed Jessica
    68 | D:2      | Reached skill level 1 in Dodging
    68 | D:2      | Reached XP level 3. HP: 33/33 MP: 2/2
   640 | D:1      | Reached XP level 4. HP: 38/40 MP: 3/3
  1120 | D:3      | Killed from afar by an orc wizard

Illustrated notes

Levels and vault maps discovered:
D:1:      evilmike_arrival_hilbert_curve, layout_basic
D:2:      layout_rooms, uniq_jessica
D:3:      layout_loops_ring, cheibrodos_worm_habitat, palyth_stone_intersect,
          minmay_stone_trees_small, uniq_ijyb

Skill      XL: |  1  2 |
---------------+-------+-----
Fighting       | 4 |  4.3
Axes           | 3 |  3.3
Armour         | 4 |  4.2
Dodging        | 1 |  1.8
Shields        | 4 |  4.3

Action                     |  1- 3 |  4- 6 || total
---------------------------+-------+-------++-------
  Melee: War axe           |    45 |    41 ||    86
         Headbutt          |     8 |     6 ||    14
 Armour: Scale mail        |    20 |    21 ||    41
  Dodge: Dodged            |    19 |    18 ||    37
  Block: Buckler           |     7 |     6 ||    13
